 Dungeon Crawl Stone Soup version 0.30.0-15-g856e2d3f33 (webtiles) character file.

Game seed: 12180740274721662055

1619 qw the Cleaver (level 8, 0/49 HPs)
             Began as a Gargoyle Fighter on May 19, 2023.
             Slain by a centaur (5 damage)
             ... on level 6 of the Dungeon.
             The game lasted 00:02:21 (4091 turns).

qw the Cleaver (Gargoyle Fighter)                   Turns: 4091, Time: 00:02:21

Health: 0/49       AC: 24    Str: 28    XL:     8   Next: 96%
Magic:  8/8        EV:  5    Int:  9    God:
Gold:   95         SH: 12    Dex:  9    Spells: 7/7 levels left

rFire   . . .        Y - +0 war axe
rCold   . . .        r - +0 tower shield
rNeg    + . .        l - +1 plate armour
rPois   inf          b - +2 hat
rElec   +            (no cloak)
rCorr   .            q - +1 pair of gloves
SInv    .            o - +0 pair of boots
Will    .....        (no amulet) Stlth
                     n - +6 ring of strength
HPRegen 0.28/turn    (no ring)
MPRegen 0.11/turn

%: no passive effects
@: mesmerised
A: sickness immunity, AC +5, negative energy resistance 1, electricity
resistance, torment resistance 1, petrification resistance
a: no special abilities


You were on level 6 of the Dungeon.
You visited 1 branch of the dungeon, and saw 6 of its levels.

You collected 233 gold pieces.
You spent 138 gold pieces at shops.


Innate Abilities, Weirdness & Mutations

You are immune to sickness and miasma.
Your stone body is resilient. (AC +5)
You are immune to poison.
You resist negative energy. (rN+)
You are resistant to electric shocks. (rElec)
You are resistant to unholy torment.
You are immune to petrification.


   Skills:
 - Level 5.2 Fighting
 - Level 8.1 Axes
 - Level 2.1 Throwing
 - Level 4.8 Armour
 - Level 1.8 Dodging
 + Level 4.4 Shields


You had 7 spell levels left.
You didn't know any spells.
Your spell library was empty.

Inventory:

Hand Weapons
 t - a +0 flail of protection
 Y - a +0 war axe (weapon)
Missiles
 i - 8 boomerangs
 x - a javelin (quivered)
Armour
 b - a +2 hat (worn)
 l - a +1 plate armour (worn)
 o - a +0 pair of boots (worn)
 q - a +1 pair of gloves (worn)
 r - a +0 tower shield (worn)
Jewellery
 n - a +6 ring of strength (left hand)
Scrolls
 a - 3 scrolls of identify
Potions
 d - 3 potions of might
 e - a potion of cancellation
 f - a potion of lignification
 h - a potion of mutation
 j - a potion of haste
 p - a potion of attraction
 u - a potion of curing {unknown}

Dungeon Overview and Level Annotations

Branches:
Dungeon (6/15)
 Temple: D:4-7

Altars:
Hepliaklqana
Nemelex Xobeh

Shops:
D:5 *

Annotations:
D:6 Maggie


Message History

The wight is almost destroyed.
Maggie shouts!
You hear a shout!
Maggie says, "If you die in the Dungeon, but nobody's around to see it, does it really matter?"
You block the wight's attack. The wight hits you but does no damage.
The wight barely misses you.
Maggie gestures wildly while chanting.
Maggie attempts to bespell you!
You are mesmerised by Maggie!
The wight barely misses you. The wight completely misses you.
The wight hits you but does no damage.
A centaur comes into view.
You barely miss the wight.
The wight is almost destroyed.
The wight hits you but does no damage. The wight completely misses you.
You block the wight's attack.
You barely miss the wight.
The wight is almost destroyed.
The wight hits you but does no damage. x2
Maggie mumbles some strange words.
Maggie draws you further into her thrall.
The wight hits you but does no damage.
You hit the wight.
The wight is almost destroyed.
Maggie shouts, "Leave me alone!"
The wight hits you with a +4 great sword!
You block the wight's attack. The wight hits you but does no damage.
You block the wight's attack.
The wight hits you from afar with a +5 halberd.
The wight hits you with a +4 great sword!
You hit the wight but do no damage.
The wight is almost destroyed.
You slash the centaur!
You block the centaur's attack. x2; The wight hits you but does no damage. x2
The wight hits you from afar with a +5 halberd.
You hit the wight but do no damage.
The wight is almost destroyed.
You slash the centaur! You block the centaur's attack.
The centaur closely misses you. The centaur hits you.
You die...

#.#..#........##
#....#.<........ ..
#.........!..... ..#
..###...##....## #.#
.........##.#### ...#
###..##...#.#####.#.##
#... #.#.............
#.# #.#..#.......?..
#.. #....#.z@...## .
#.....##(c.##...#
#.......@zz# ..#
#.##......h.. . #.
#.#.#..#.... .
#.#....#..z##
.#...###... #.#((..
.... ..... ...


You could see Maggie (mesmerising), a centaur, a hound and 3 wights.

Vanquished Creatures
  Menkaure (D:5)
  Edmund (D:5)
  Duvessa (D:5)
  An ice beast (D:5)
  An ogre (D:4)
  A centaur (D:6)
  3 phantoms
  A bullfrog (D:5)
  3 scorpions
  A wight (D:6)
  Dowan (D:5)
  A howler monkey (D:5)
  A hound (D:4)
  2 orc priests
  3 iguanas
  An orc wizard (D:5)
  13 adders
  An ufetubus (D:4)
  3 worms
  A dart slug (D:2)
  9 orcs
  5 endoplasms
  6 giant cockroaches
  6 goblins
  9 hobgoblins
  2 jackals (D:1)
  5 quokkas
  5 ball pythons
  6 bats
  3 frilled lizards
  5 kobolds
  10 rats
112 creatures vanquished.

Notes
Turn   | Place    | Note
-------+----------+-------------------------------------------
     0 | D:1      | qw the Gargoyle Fighter began the quest for the Orb.
     0 | D:1      | Reached XP level 1. HP: 14/14 MP: 1/1
     0 | D:1      | 0 ||| qw: Version: 0.2-a-96-g8eb1148
     0 | D:1      | 0 ||| qw: Game counter: 4
     0 | D:1      | 0 ||| qw: Always use a shield: true
     0 | D:1      | 0 ||| qw: God list: Okawaru
     0 | D:1      | 0 ||| qw: Allow faded altars: false
     0 | D:1      | 0 ||| qw: Do Orc after D:15 true
     0 | D:1      | 0 ||| qw: Do second Lair branch before Depths: true
     0 | D:1      | 0 ||| qw: Lair rune preference: random
     0 | D:1      | 0 ||| qw: Plans: Normal, Zot:1-4, God:TSO, Crypt, Tomb,
                  | Pan, Slime:5, Hells, Abyss, Win
     0 | D:1      | 0 ||| PLANNING D:1-11
    25 | D:1      | 25 ||| Stepping ~*~*~tactically~*~*~ (stealth).
    31 | D:1      | Reached skill level 2 in Axes
    40 | D:1      | Reached XP level 2. HP: 17/19 MP: 2/2
    41 | D:1      | 41 ||| Stepping ~*~*~tactically~*~*~ (stealth).
    47 | D:1      | 47 ||| Stepping ~*~*~tactically~*~*~ (stealth).
   262 | D:1      | Reached skill level 3 in Axes
   320 | D:1      | Reached XP level 3. HP: 23/23 MP: 3/3
   520 | D:1      | 520 ||| Stepping ~*~*~tactically~*~*~ (stealth).
   593 | D:1      | 593 ||| READING 3 scrolls labelled ETYHI JILUEWI.
   594 | D:1      | 594 ||| READING 2 scrolls of identify.
   594 | D:1      | 594 ||| IDENTIFYING orange potion
   595 | D:1      | 595 ||| DROPPING potion of degeneration.
   783 | D:2      | 783 ||| Stepping ~*~*~tactically~*~*~ (stealth).
   784 | D:2      | 784 ||| Stepping ~*~*~tactically~*~*~ (stealth).
   901 | D:2      | Reached XP level 4. HP: 28/28 MP: 4/4
  1060 | D:2      | Reached skill level 4 in Axes
  1332 | D:2      | 1332 ||| DROPPING +0 mace.
  1474 | D:2      | 1474 ||| UPGRADING to +0 plate armour.
  1484 | D:2      | 1484 ||| DROPPING +0 scale mail.
  1485 | D:2      | 1485 ||| DROPPING +6 ring of intelligence.
  1486 | D:2      | 1486 ||| UPGRADING to +6 ring of strength.
  1487 | D:2      | 1487 ||| READING scroll labelled MALUAP ZUFECW.
  1488 | D:2      | 1488 ||| READING 2 scrolls labelled XOANYA JUMI.
  1489 | D:2      | 1489 ||| READING scroll of enchant armour.
  1489 | D:2      | 1489 ||| ENCHANTING +0 plate armour.
  1490 | D:2      | 1490 ||| READING scroll labelled OGES OCOMOA.
  1491 | D:2      | 1491 ||| READING 2 scrolls of identify.
  1491 | D:2      | 1491 ||| IDENTIFYING bubbling coppery potion
  2059 | D:3      | Found a hazy altar of Hepliaklqana.
  2148 | D:3      | 2148 ||| UPGRADING to +2 hat.
  2153 | D:3      | 2153 ||| READING scroll labelled KUOREE KOTSOE.
  2154 | D:3      | 2154 ||| READING 3 scrolls of identify.
  2154 | D:3      | 2154 ||| IDENTIFYING fuming pink potion
  2155 | D:3      | 2155 ||| READING 2 scrolls of identify.
  2155 | D:3      | 2155 ||| IDENTIFYING ruby potion
  2176 | D:4      | Noticed an ogre
  2180 | D:4      | 2180 ||| Stepping ~*~*~tactically~*~*~ (stealth).
  2183 | D:4      | Killed an ogre
  2184 | D:4      | Reached skill level 5 in Axes
  2184 | D:4      | Reached XP level 5. HP: 32/32 MP: 5/5
  2288 | D:4      | Reached XP level 6. HP: 39/39 MP: 6/6
  2473 | D:4      | 2473 ||| Stepping ~*~*~tactically~*~*~ (hiding).
  2760 | D:4      | Reached skill level 6 in Axes
  2923 | D:4      | 2923 ||| UPGRADING to +0 pair of boots.
  2928 | D:4      | 2928 ||| READING scroll labelled VIT DEGULELEYT.
  2929 | D:4      | 2929 ||| READING 3 scrolls of identify.
  2929 | D:4      | 2929 ||| IDENTIFYING sedimented silvery potion
  2930 | D:4      | 2930 ||| READING 2 scrolls of identify.
  2930 | D:4      | 2930 ||| IDENTIFYING cyan potion
  2931 | D:4      | 2931 ||| DROPPING potion of flight.
  2972 | D:5      | Entered Level 5 of the Dungeon
  2972 | D:5      | Noticed Duvessa
  2972 | D:5      | Noticed Dowan
  2979 | D:5      | 2979 ||| STAIRDANCE
  2991 | D:4      | Reached XP level 7. HP: 20/44 MP: 7/7
  3002 | D:4      | Reached skill level 1 in Dodging
  3085 | D:5      | 3085 ||| STAIRDANCE
  3117 | D:5      | 3117 ||| STAIRDANCE
  3151 | D:5      | Killed Duvessa
  3161 | D:5      | Killed Dowan
  3249 | D:5      | Found a sparkling altar of Nemelex Xobeh.
  3261 | D:5      | Noticed Edmund
  3280 | D:5      | Killed Edmund
  3281 | D:5      | Reached skill level 7 in Axes
  3304 | D:5      | 3304 ||| DROPPING +2 whip of venom.
  3332 | D:5      | Found Afitsonymm's Assorted Antiques.
  3341 | D:5      | 3341 ||| BUYING bubbling pink potion (21 gold).
  3341 | D:5      | Bought a bubbling pink potion for 21 gold pieces
  3341 | D:5      | 3341 ||| BUYING coppery potion (21 gold).
  3341 | D:5      | Bought a coppery potion for 21 gold pieces
  3341 | D:5      | 3341 ||| BUYING glowing copper wand (96 gold).
  3341 | D:5      | Bought a glowing copper wand for 96 gold pieces
  3341 | D:5      | 3341 ||| SHOPLISTING glowing sapphire potion (21 gold, have
                  | 15).
  3341 | D:5      | 3341 ||| SHOPLISTING steaming bone ring (120 gold, have
                  | 15).
  3400 | D:5      | Reached XP level 8. HP: 49/49 MP: 8/8
  3610 | D:5      | Noticed Menkaure
  3621 | D:5      | Killed Menkaure
  3743 | D:5      | 3743 ||| Stepping ~*~*~tactically~*~*~ (stealth).
  3744 | D:5      | 3744 ||| Stepping ~*~*~tactically~*~*~ (stealth).
  3748 | D:5      | 3748 ||| Stepping ~*~*~tactically~*~*~ (stealth).
  3750 | D:5      | 3750 ||| Stepping ~*~*~tactically~*~*~ (stealth).
  3770 | D:5      | Reached skill level 1 in Throwing
  3858 | D:5      | Reached skill level 8 in Axes
  3999 | D:5      | 3999 ||| UPGRADING to +1 pair of gloves.
  4004 | D:5      | 4004 ||| UPGRADING to +0 tower shield.
  4014 | D:5      | 4014 ||| DROPPING +0 buckler.
  4015 | D:5      | 4015 ||| READING scroll labelled YXIUGE WUDASA.
  4020 | D:5      | 4020 ||| READING 2 scrolls labelled YTEFOL CUMA.
  4021 | D:5      | 4021 ||| READING scroll labelled RAUMUE KASUETE.
  4022 | D:5      | 4022 ||| READING scroll labelled WISATO GEMAOM.
  4023 | D:5      | 4023 ||| READING 4 scrolls of identify.
  4023 | D:5      | 4023 ||| IDENTIFYING grey potion
  4024 | D:5      | 4024 ||| READING 3 scrolls of identify.
  4024 | D:5      | 4024 ||| IDENTIFYING bubbling pink potion
  4025 | D:5      | 4025 ||| READING 2 scrolls of identify.
  4025 | D:5      | 4025 ||| IDENTIFYING red potion
  4026 | D:5      | 4026 ||| DROPPING potion of berserk rage.
  4027 | D:5      | 4027 ||| DROPPING potion of brilliance.
  4028 | D:5      | 4028 ||| DROPPING scroll of poison.
  4029 | D:5      | 4029 ||| DROPPING wand of paralysis (6).
  4073 | D:6      | 4073 ||| Stepping ~*~*~tactically~*~*~ (hiding).
  4085 | D:6      | Noticed Maggie
  4089 | D:6      | HP: 12/49 [wight/+5 halberd (2)]
  4089 | D:6      | HP: 5/49 [wight/+4 great sword (7)]
  4091 | D:6      | Slain by a centaur

Levels and vault maps discovered:
D:1:      amcnicky_arrival_flooded_fountain, layout_rooms, minmay_ruptured
D:2:      layout_loops_corners
D:3:      layout_basic, worldfamousw_hep_ancestral_shrine,
          chequers_serial_rivers_small_b
D:4:      layout_cave_pools, nrook_loot_triangle, grunt_decor_clamped
D:5:      layout_rooms, lemuel_crystal_altar, serial_shops, kennysheep_mini,
          minmay_increasing_density, uniq_edmund, uniq_menkaure, uniq_duvessa
D:6:      layout_rooms, nicolae_overflow_crystal_walls,
          minmay_temple_entry_slanted, supply_closet_lemuel,
          minmay_shop_enchanted_jewellery, st_stairs_11,
          hangedman_feature_mirror, kennysheep_generic_room_5, uniq_maggie

Skill      XL: |  1  2  3  4  5  6  7  8 |
---------------+-------------------------+-----
Axes           | 2 3 5 6 7 8 |  8.1
Fighting       | 4 5 |  5.2
Dodging        | 1 |  1.8
Armour         | 4 |  4.8
Throwing       | 2 |  2.1
Shields        | 4 |  4.4

Action                     |  1- 3 |  4- 6 |  7- 9 || total
---------------------------+-------+-------+-------++-------
  Melee: War axe           |   106 |   105 |   163 ||   374
  Throw: Boomerang         |       |    28 |    22 ||    50
         Javelin           |       |       |     5 ||     5
    Use: Scroll            |     2 |    11 |     7 ||    20
 Armour: Scale mail        |    60 |     7 |       ||    67
         Plate armour      |       |    55 |   120 ||   175
  Dodge: Dodged            |    49 |    41 |    50 ||   140
  Block: Buckler           |    24 |    22 |    35 ||    81
         Tower shield      |       |       |    24 ||    24

Table legend:
 A = Non-vault XP
 B = Vault XP
 C = Vault XP percentage of total XP
 D = Non-vault monster count
 E = Vault monster count
 F = Vault count percentage of total count
                 A         B        C        D         E       F
            +---------+---------+-------+---------+---------+-------
      Total |    1353 |     961 |  41.5 |      98 |      14 |  12.5
            +---------+---------+-------+---------+---------+-------
        D:1 |      41 |       9 |  18.0 |      25 |       5 |  16.7
        D:2 |      63 |       0 |   0.0 |      20 |       0 |   0.0
        D:3 |      35 |       0 |   0.0 |      12 |       0 |   0.0
        D:4 |     604 |       0 |   0.0 |      21 |       0 |   0.0
        D:5 |     426 |     952 |  69.1 |      18 |       9 |  33.3
        D:6 |     184 |       0 |   0.0 |       2 |       0 |   0.0
            +---------+---------+-------+---------+---------+-------
